 Dungeon Crawl Stone Soup version 0.18-a0-1683-gf9322e6 (webtiles) character file.

212 Kidiri the Magician (level 5, -4/29 HPs)
             Began as a Deep Elf Fire Elementalist on Apr 3, 2016.
             Killed by divine providence
             ... invoked by an orc priest
              (16 damage)
             ... on level 3 of the Dungeon.
             The game lasted 00:22:19 (3408 turns).

Kidiri the Magician (Deep Elf Fire Elementalist)    Turns: 3408, Time: 00:22:20

Health: -4/29      AC:  3    Str:  5    XL:     5   Next: 58%
Magic:  4/14       EV: 14    Int: 21    God:
Gold:   214        SH:  0    Dex: 15    Spells: 4 memorised, 5 levels left

rFire  . . .     SeeInvis .     k - -3 dagger (curse)
rCold  . . .     Gourm    .     a - +0 robe
rNeg   . . .     Faith    .     (no shield)
rPois  .         Spirit   .     (no helmet)
rElec  .         Dismiss  .     n - +0 cloak
rCorr  .         Reflect  .     (no gloves)
SustAt +         Harm     .     (no boots)
MR     .....                    (no amulet)
Stlth  ++........               (no ring)
                                j - ring of sustain attributes

@: very slightly contaminated, not resistant to hostile enchantments, unstealthy
A: no striking features
a: no special abilities


You were on level 3 of the Dungeon.
You were not hungry.

You visited 1 branch of the dungeon, and saw 3 of its levels.

You collected 214 gold pieces.

Inventory:

Hand Weapons
 k - a cursed -3 dagger (weapon)
 l - a +0 short sword of speed
Armour
 a - a +0 robe (worn)
 e - a +3 leather armour
 n - a +0 cloak (worn)
Jewellery
 j - a ring of sustain attributes (left hand)
Scrolls
 i - a scroll of recharging
 o - a scroll of blinking
Potions
 d - a potion of magic
 m - a potion of lignification
Books
 b - a book of Flames

   Spells                             Type                      Level
   a - Flame Tongue                   Conjuration/Fire             1
   b - Throw Flame                    Conjuration/Fire             2
   c - Conjure Flame                  Conjuration/Fire             3
   d - Inner Flame                    Hexes/Fire                   3
   e - Sticky Flame                   Conjuration/Fire             4
   f - Fireball                       Conjuration/Fire             5
Comestibles
 c - a bread ration
 f - a slice of pizza
 g - 4 chunks of flesh
 h - 4 meat rations


   Skills:
 + Level 1.5 Fighting
 + Level 3.6 Dodging
 - Level 2.4 Stealth
 * Level 5.0 Spellcasting
 + Level 2.2 Conjurations
 + Level 1.8 Hexes
 + Level 4.0 Fire Magic


You had 5 spell levels left.
You knew the following spells:

 Your Spells              Type           Power        Failure   Level  Hunger
a - Flame Tongue          Conj/Fire      ###..        3%          1    None
b - Throw Flame           Conj/Fire      ###...       6%          2    None
c - Conjure Flame         Conj/Fire      ###.....     12%         3    ##.....
d - Inner Flame           Hex/Fire       ###.....     12%         3    ##.....


Dungeon Overview and Level Annotations

Branches:
Dungeon (3/15)

Altars:
Dithmenos
The Shining One

Annotations:
D:3 Grinder


Message History

The flame tongue hits the orc.
The orc is heavily wounded.
Casting: Flame Tongue
Confirm with . or Enter, or press ? or * to list all spells.
Aiming: Flame Tongue
Press: ? - help, Shift-Dir - straight line, f/p - orc
Aim: an orc, wielding a whip (heavily wounded, inner flame)
The flame tongue hits the orc.
The orc explodes!
You feel a bit more experienced.
The fiery explosion engulfs the orc.
You kill the orc!
You hear a shout!
Unknown command.
Casting: Flame Tongue
Confirm with . or Enter, or press ? or * to list all spells.
Okay, then.
The orc priest mumbles some strange prayers to Beogh against you.
Beogh smites you!
Ouch! That really hurt!
You die...

.###.# ##..##
.###. . #.
#...###.#... #.
##(.....#.##
#.##..##.#
#.##.##..#
#.##....###
#####
#.#..#....#
#...#
#.#.##.##.#
#####@#.##
#...##.##..
#§§...#..#
#..###.####
#§§######.###..#
#.#


.ooo# #..[..####.# ....s. ####......># ....o ######### ..... .... .... You could
see an orc priest and an orc.

Vanquished Creatures
  An orc wizard (D:3)
  7 adders
  4 gnolls (D:3)
  3 worms (D:2)
  9 orcs
  8 bats
  3 giant cockroaches
  7 goblins
  6 hobgoblins
  4 jackals
  3 ball pythons
  5 giant newts
  3 kobolds
  5 rats
68 creatures vanquished.

Notes
Turn   | Place    | Note
--------------------------------------------------------------
     0 | D:1      | Kidiri the Deep Elf Fire Elementalist began the quest for the Orb.
     0 | D:1      | Reached XP level 1. HP: 10/10 MP: 6/6
   443 | D:1      | Reached XP level 2. HP: 15/15 MP: 5/8
   448 | D:1      | Learned a level 2 spell: Throw Flame
  1086 | D:2      | Reached XP level 3. HP: 20/20 MP: 0/10
  1091 | D:2      | Learned a level 3 spell: Conjure Flame
  1095 | D:2      | Learned a level 3 spell: Inner Flame
  1505 | D:2      | Reached skill level 1 in Fighting
  1676 | D:2      | Reached skill level 4 in Spellcasting
  1933 | D:2      | Reached skill level 1 in Hexes
  1933 | D:2      | Reached XP level 4. HP: 25/25 MP: 6/12
  2108 | D:2      | Found a glowing golden altar of the Shining One.
  3053 | D:3      | Found a shadowy altar of Dithmenos.
  3063 | D:3      | Found a faded altar to an unknown god.
  3099 | D:3      | Noticed Grinder
  3148 | D:3      | Reached XP level 5. HP: 29/29 MP: 0/13
  3402 | D:3      | Reached skill level 5 in Spellcasting
  3408 | D:3      | Killed from afar by an orc priest

Vault maps used:
D:1:      scummos_arrival_simple_crosswalls
D:2:      serial_forest, infiniplex_forest_end_2, infiniplex_forest_straight_2,
          infiniplex_forest_straight_2, infiniplex_forest_lined_2,
          infiniplex_forest_zigzag_1, infiniplex_forest_clump_double,
          tso_metal_star
D:3:      old_standard_altar, grunt_dithmenos_smoke_and_mirrors,
          ecumenical_altar_2, uniq_grinder, uniq_crazy_yiuf_cottage

Skill      XL: |  1  2  3  4  5 |
---------------+----------------+-----
Fighting       | 1 |  1.5
Spellcasting   | 4 5 |  5.0
Hexes          | 1 |  1.8
Dodging        | 3 |  3.6
Conjurations   | 2 |  2.2
Fire Magic     | 4 |  4.0
Stealth        | |  2.4

Action                   |  1- 3 |  4- 6 || total
-------------------------+-------+-------++-------
Melee: Unarmed           |     1 |       ||     1
       Dagger            |     4 |     2 ||     6
       Short sword       |     2 |       ||     2
 Cast: Flame Tongue      |    59 |    42 ||   101
       Throw Flame       |    12 |    20 ||    32
       Conjure Flame     |       |     3 ||     3
       Inner Flame       |       |     4 ||     4
  Use: Scroll            |     5 |     1 ||     6
       Potion            |       |     1 ||     1
  Eat: Chunk             |     3 |     5 ||     8
